PAAA
GRYFINDOR BRAVES @ BAKERSFIELD NOBLES
09/14/2027
 
TOP OF THE 1ST
Gryfindor Braves batting - Pitching for Bakersfield Nobles : RHP Marcos López
Pitching: RHP Marcos López
Batting: LHB David Breitling 0-0: Called Strike
0-1: Swinging Strike
0-2: Ball
1-2: Foul Ball, location: 2F
1-2: Ball
2-2: Strikes out swinging
Batting: RHB Gonzalo Ángel 0-0: Called Strike
0-1: Called Strike
0-2: Ball
1-2: SINGLE (Groundball, 6MD)
Batting: SHB Fernando Sánchez 0-0: Swinging Strike
0-1: Foul Ball, location: 2F
0-2: Ball
1-2: Ball
2-2: Foul Ball, location: 2F
2-2: Foul Ball, location: 2F
2-2: Fly out, F9 (Line Drive, 9LS)
Batting: LHB Ignacio Medine 0-0: Called Strike
0-1: Fly out, F7 (Flyball, 78S)
Top of the 1st over - 0 run(s), 1 hit(s), 0 error(s), 1 left on base; Gryfindor 0 - Bakersfield 0
BOTTOM OF THE 1ST
Bakersfield Nobles batting - Pitching for Gryfindor Braves : RHP Gabe Stephenson
Pitching: RHP Gabe Stephenson
Batting: RHB Jock Semple 0-0: Hit by Pitch
Batting: RHB Cristo González 0-0: SINGLE (Line Drive, 8LS)
Jock Semple to second
Batting: LHB Theo Fightmaster 0-0: Ball
1-0: Foul Ball, location: 2F
1-1: Foul Ball, location: 2F
1-2: Strikes out swinging
Batting: LHB Timmy Appeldoorn 0-0: Fly out, F9 (Flyball, 89XD)
Runner from 2nd tags up, SAFE at 3rd, no throw
Batting: RHB Alfredo García 0-0: Called Strike
0-1: Foul Ball, location: 2F
0-2: Ball
1-2: Foul Ball, location: 2F
1-2: Ball
2-2: Foul Ball, location: 2F
2-2: Strikes out swinging
Bottom of the 1st over - 0 run(s), 1 hit(s), 0 error(s), 2 left on base; Gryfindor 0 - Bakersfield 0
TOP OF THE 2ND
Gryfindor Braves batting - Pitching for Bakersfield Nobles : RHP Marcos López
Batting: RHB Roy Herring 0-0: Ball
1-0: Ball
2-0: Swinging Strike
2-1: Foul Ball, location: 2F
2-2: SOLO HOME RUN (Flyball, 7LD), Distance : 347 ft
Batting: RHB Bob Campbell 0-0: Ball
1-0: Foul Ball, location: 2F
1-1: Called Strike
1-2: Foul Ball, location: 2F
1-2: Foul Ball, location: 2F
1-2: Ball
2-2: Foul Ball, location: 2F
2-2: Strikes out swinging
Batting: LHB Micheal Garren 0-0: Reached via error on a dropped throw, E3
Batting: RHB Raúl Reyna 0-0: Foul Ball, location: 2F
0-1: Foul Ball, location: 2F
0-2: SINGLE (Flyball, 9S)
Micheal Garren to second
Runner from 2nd tries for 3rd, SAFE, throw made to third
Raúl Reyna to second
Batting: SHB Arturo Romero 0-0: Ball
1-0: Foul Ball, location: 2F
1-1: Ball
2-1: Called Strike
2-2: Ball
3-2: Strikes out swinging
Batting: LHB David Breitling 0-0: Called Strike
0-1: SINGLE (Flyball, 8RS)
Micheal Garren scores
Raúl Reyna to third
Runner from 3rd tries for Home, SAFE, throw made home
David Breitling to second
Batting: RHB Gonzalo Ángel 0-0: Called Strike
0-1: Called Strike
0-2: Ball
1-2: Strikes out swinging
Top of the 2nd over - 3 run(s), 3 hit(s), 1 error(s), 1 left on base; Gryfindor 3 - Bakersfield 0
BOTTOM OF THE 2ND
Bakersfield Nobles batting - Pitching for Gryfindor Braves : RHP Gabe Stephenson
Batting: SHB Silas Floyd 0-0: Foul Ball, location: 2F
0-1: Called Strike
0-2: Foul Ball, location: 2F
0-2: Foul Ball, location: 2F
0-2: Ball
1-2: Foul Ball, location: 2F
1-2: Ground out 4-3 (Groundball, 4)
Batting: RHB Abílio Conceio 0-0: Ball
1-0: Called Strike
1-1: Foul Ball, location: 2F
1-2: Ball
2-2: Ground out 1-3 (Groundball, 15S)
Batting: RHB Mario Blanco 0-0: Ball
1-0: Ball
2-0: Called Strike
2-1: Fly out, F8 (Flyball, 89S)
Bottom of the 2nd over - 0 run(s), 0 hit(s), 0 error(s), 0 left on base; Gryfindor 3 - Bakersfield 0
TOP OF THE 3RD
Gryfindor Braves batting - Pitching for Bakersfield Nobles : RHP Marcos López
Batting: SHB Fernando Sánchez 0-0: Ball
1-0: SINGLE (Line Drive, 34D)
Batting: LHB Ignacio Medine 0-0: Ball
1-0: Called Strike
1-1: Called Strike
1-2: Fly out, F3 (Popup, 3L)
Batting: RHB Roy Herring 0-0: Foul Ball, location: 2F
0-1: Fly out, F8 (Flyball, 8RS)
Batting: RHB Bob Campbell 0-0: Called Strike
0-1: DOUBLE (Groundball, 5L)
Fernando Sánchez to third
Batting: LHB Micheal Garren 0-0: Called Strike
0-1: Called Strike
0-2: Ball
1-2: Ball
2-2: Ground out U3 (Groundball, 3)
Top of the 3rd over - 0 run(s), 2 hit(s), 0 error(s), 2 left on base; Gryfindor 3 - Bakersfield 0
BOTTOM OF THE 3RD
Bakersfield Nobles batting - Pitching for Gryfindor Braves : RHP Gabe Stephenson
Batting: LHB Markus Richardson 0-0: Ball
1-0: Ground out 4-3 (Groundball, 4D)
Batting: RHB Jock Semple 0-0: Ball
1-0: Foul Ball, location: 2F
1-1: Swinging Strike
1-2: Foul Ball, location: 2F
1-2: Ground out 6-3 (Groundball, 6)
Batting: RHB Cristo González 0-0: Called Strike
0-1: Called Strike
0-2: Ball
1-2: Fly out, F8 (Flyball, 8RM)
Bottom of the 3rd over - 0 run(s), 0 hit(s), 0 error(s), 0 left on base; Gryfindor 3 - Bakersfield 0
TOP OF THE 4TH
Gryfindor Braves batting - Pitching for Bakersfield Nobles : RHP Marcos López
Batting: RHB Raúl Reyna 0-0: Ball
1-0: Ball
2-0: Ground out 5-3 (Groundball, 56S)
Batting: SHB Arturo Romero 0-0: Called Strike
0-1: Foul Ball, location: 2F
0-2: Foul Ball, location: 2F
0-2: Foul Ball, location: 2F
0-2: Ball
1-2: Ball
2-2: Ball
3-2: Base on Balls
Batting: LHB David Breitling 0-0: Ball
1-0: SINGLE (Line Drive, 7LS)
Arturo Romero to second
Batting: RHB Gonzalo Ángel 0-0: Ball
1-0: Grounds into double play, 6-4-3 (Groundball, 6)
Top of the 4th over - 0 run(s), 1 hit(s), 0 error(s), 1 left on base; Gryfindor 3 - Bakersfield 0
BOTTOM OF THE 4TH
Bakersfield Nobles batting - Pitching for Gryfindor Braves : RHP Gabe Stephenson
Batting: LHB Theo Fightmaster 0-0: Ball
1-0: Fly out, F8 (Flyball, 8LS)
Batting: LHB Timmy Appeldoorn 0-0: Ball
1-0: Ball
2-0: Called Strike
2-1: Foul Ball, location: 2F
2-2: Foul Ball, location: 2F
2-2: Ground out 4-3 (Groundball, 4)
Batting: RHB Alfredo García 0-0: Called Strike
0-1: Swinging Strike
0-2: Ball
1-2: Foul Ball, location: 2F
1-2: Ball
2-2: Hit by Pitch
Batting: SHB Silas Floyd 0-0: Ball
Throwing error on steal attempt, E2
Alfredo García to third
1-0: Fly out, F9 (Flyball, 89S)
Bottom of the 4th over - 0 run(s), 0 hit(s), 1 error(s), 1 left on base; Gryfindor 3 - Bakersfield 0
TOP OF THE 5TH
Gryfindor Braves batting - Pitching for Bakersfield Nobles : RHP Marcos López
Batting: SHB Fernando Sánchez 0-0: Ball
1-0: Called Strike
1-1: Foul Ball, location: 2F
1-2: Ball
2-2: Ball
3-2: Ground out 4-3 (Groundball, 34)
Batting: LHB Ignacio Medine 0-0: Foul Ball, location: 2F
0-1: Foul Ball, location: 2F
0-2: Fly out, F7 (Flyball, 78S)
Batting: RHB Roy Herring 0-0: Ball
1-0: Ball
2-0: Called Strike
2-1: Ball
3-1: Foul Ball, location: 2F
3-2: SINGLE (Line Drive, 7LS)
Batting: RHB Bob Campbell 0-0: Called Strike
0-1: Ball
1-1: Fly out, F8 (Flyball, 8RXD)
Top of the 5th over - 0 run(s), 1 hit(s), 0 error(s), 1 left on base; Gryfindor 3 - Bakersfield 0
BOTTOM OF THE 5TH
Bakersfield Nobles batting - Pitching for Gryfindor Braves : RHP Gabe Stephenson
Batting: RHB Abílio Conceio 0-0: Ball
1-0: Ball
2-0: SINGLE (Line Drive, 56)
Batting: RHB Mario Blanco 0-0: Ball
Wild Pitch!
Abílio Conceio to second
1-0: Fly out, F4 (Popup, 34D)
Batting: LHB Markus Richardson 0-0: Foul Ball, location: 2F
0-1: Foul Ball, location: 2F
0-2: Ground out 6-3 (Groundball, 6)
Batting: RHB Jock Semple 0-0: Ball
1-0: Called Strike
1-1: Foul Ball, location: 2F
1-2: Fly out, F9 (Flyball, 9LM)
Bottom of the 5th over - 0 run(s), 1 hit(s), 0 error(s), 1 left on base; Gryfindor 3 - Bakersfield 0
TOP OF THE 6TH
Gryfindor Braves batting - Pitching for Bakersfield Nobles : RHP Marcos López
Batting: LHB Micheal Garren 0-0: Reached on error, E7 (Flyball, 78S)
Pitching: RHP Kyung-un Yi
Batting: RHB Raúl Reyna 0-0: Ground out 5-3 (Groundball, 56S)
Micheal Garren to second
Batting: SHB Arturo Romero 0-0: Ball
1-0: Called Strike
1-1: Swinging Strike
1-2: Strikes out looking
Batting: LHB David Breitling 0-0: Ball
1-0: Foul Ball, location: 2F
1-1: Ball
2-1: Swinging Strike
2-2: Ball
3-2: Foul Ball, location: 2F
3-2: Ground out 3-1 (Groundball, 34S)
Top of the 6th over - 0 run(s), 0 hit(s), 1 error(s), 1 left on base; Gryfindor 3 - Bakersfield 0
BOTTOM OF THE 6TH
Bakersfield Nobles batting - Pitching for Gryfindor Braves : RHP Gabe Stephenson
Batting: RHB Cristo González 0-0: Fly out, F4 (Popup, 4M)
Batting: LHB Theo Fightmaster 0-0: Called Strike
0-1: Reached on error, E6 (Groundball, 6S)
Batting: LHB Timmy Appeldoorn Pickoff Throw to First - Error! E1
Theo Fightmaster to second
0-0: Ball
1-0: Swinging Strike
1-1: Swinging Strike
1-2: Ball
2-2: Reaches on Catchers interference
Batting: RHB Alfredo García 0-0: SINGLE (Groundball, 56S) (infield hit)
Theo Fightmaster to third
Timmy Appeldoorn to second
Batting: SHB Silas Floyd 0-0: Ball
1-0: Ball
2-0: Swinging Strike
2-1: Ball
3-1: Swinging Strike
3-2: Base on Balls
Theo Fightmaster scores
Timmy Appeldoorn to third
Alfredo García to second
Pitching: RHP George Armstrong
Batting: RHB Abílio Conceio 0-0: Swinging Strike
0-1: Ball
1-1: Fly out, F8 (Flyball, 8RD)
Runner from 3rd tags up, SCORES, no throw
Alfredo García to third
Batting: RHB Mario Blanco 0-0: Ball
1-0: Called Strike
1-1: Fly out, F8 (Line Drive, 8RM)
Bottom of the 6th over - 2 run(s), 1 hit(s), 3 error(s), 2 left on base; Gryfindor 3 - Bakersfield 2
TOP OF THE 7TH
Gryfindor Braves batting - Pitching for Bakersfield Nobles : RHP Kyung-un Yi
Batting: RHB Gonzalo Ángel 0-0: Foul Ball, location: 2F
0-1: Ground out 4-3 (Groundball, 4)
Batting: SHB Fernando Sánchez 0-0: Ball
1-0: Foul Ball, location: 2F
1-1: Swinging Strike
1-2: Foul Ball, location: 2F
1-2: Ball
2-2: Foul Ball, location: 2F
2-2: Foul Ball, location: 2F
2-2: SINGLE (Flyball, 3D)
Batting: LHB Ignacio Medine 0-0: Foul Ball, location: 2F
0-1: Foul Ball, location: 2F
0-2: Ball
1-2: Ball
2-2: Strikes out looking
Pitching: RHP Robinson Gonzáles
Batting: RHB Roy Herring 0-0: Ball
1-0: Ground out U3 (Groundball, 2R)
Top of the 7th over - 0 run(s), 1 hit(s), 0 error(s), 1 left on base; Gryfindor 3 - Bakersfield 2
BOTTOM OF THE 7TH
Bakersfield Nobles batting - Pitching for Gryfindor Braves : RHP George Armstrong
Batting: LHB Markus Richardson 0-0: Ball
1-0: Foul Ball, location: 2F
1-1: Called Strike
1-2: Foul Ball, location: 2F
1-2: Ball
2-2: Fly out, F9 (Flyball, 89M)
Batting: RHB Jock Semple 0-0: Called Strike
0-1: Ball
1-1: Ball
2-1: SINGLE (Flyball, 4D)
Batting: RHB Cristo González 0-0: Ball
1-0: Called Strike
Jock Semple steals 2nd base
1-1: Ball
2-1: Ball
3-1: Ground out 5-3 (Groundball, 56S)
Jock Semple to third
Batting: LHB Theo Fightmaster 0-0: Swinging Strike
0-1: Foul Ball, location: 2F
0-2: Foul Ball, location: 2F
0-2: Strikes out swinging
Bottom of the 7th over - 0 run(s), 1 hit(s), 0 error(s), 1 left on base; Gryfindor 3 - Bakersfield 2
TOP OF THE 8TH
Gryfindor Braves batting - Pitching for Bakersfield Nobles : RHP Robinson Gonzáles
Batting: RHB Bob Campbell 0-0: Called Strike
0-1: Foul Ball, location: 2F
0-2: Ball
1-2: Strikes out swinging
Batting: LHB Micheal Garren 0-0: Called Strike
0-1: Ground out U3 (Groundball, 34)
Batting: RHB Raúl Reyna 0-0: Ball
1-0: Foul Ball, location: 2F
1-1: Ground out 6-3 (Groundball, 6)
Top of the 8th over - 0 run(s), 0 hit(s), 0 error(s), 0 left on base; Gryfindor 3 - Bakersfield 2
BOTTOM OF THE 8TH
Bakersfield Nobles batting - Pitching for Gryfindor Braves : RHP George Armstrong
Pitching: RHP Francis Cahill
Batting: LHB Timmy Appeldoorn 0-0: Foul Ball, location: 2F
0-1: Called Strike
0-2: Ball
1-2: Strikes out swinging
Batting: RHB Alfredo García 0-0: Called Strike
0-1: Ball
1-1: Ball
2-1: Ball
3-1: Base on Balls
Pitching: LHP Octávio Ríos
Pinch Hitting: RHB Gabriel Maldonado 0-0: Ball
1-0: Called Strike
1-1: Ball
2-1: Called Strike
2-2: Foul Ball, location: 2F
2-2: SINGLE (Groundball, 56D)
Alfredo García to second
Pitching: RHP José Vargo
Batting: RHB Abílio Conceio 0-0: Grounds into double play, 5-4-3 (Groundball, 56)
Bottom of the 8th over - 0 run(s), 1 hit(s), 0 error(s), 1 left on base; Gryfindor 3 - Bakersfield 2
TOP OF THE 9TH
Gryfindor Braves batting - Pitching for Bakersfield Nobles : RHP Robinson Gonzáles
Now at SS: Wade Killefer
Batting: SHB Arturo Romero 0-0: Fly out, F9 (Line Drive, 89M)
Batting: LHB David Breitling 0-0: Foul Ball, location: 2F
0-1: Ball
1-1: Called Strike
1-2: Fly out, F6 (Popup, 6D)
Batting: RHB Gonzalo Ángel 0-0: Ball
1-0: Called Strike
1-1: Foul Ball, location: 2F
1-2: Fly out, F8 (Flyball, 89XD)
Top of the 9th over - 0 run(s), 0 hit(s), 0 error(s), 0 left on base; Gryfindor 3 - Bakersfield 2
BOTTOM OF THE 9TH
Bakersfield Nobles batting - Pitching for Gryfindor Braves : RHP José Vargo
Pitching: RHP Biff Tannen
Pinch Hitting: LHB Jorge Pérez 0-0: Ball
1-0: Foul Ball, location: 2F
1-1: Ground out 4-3 (Groundball, 4)
Pinch Hitting: SHB Ray Davis 0-0: Swinging Strike
0-1: Ball
1-1: Foul Ball, location: 2F
1-2: Ball
2-2: Fly out, F9 (Flyball, 89M)
Batting: RHB Jock Semple 0-0: Foul Ball, location: 2F
0-1: Swinging Strike
0-2: Strikes out looking
Bottom of the 9th over - 0 run(s), 0 hit(s), 0 error(s), 0 left on base; Gryfindor 3 - Bakersfield 2
Saturday, May 26th, 2018 - OOTP Baseball 17.12 Build 75